 Dungeon Crawl Stone Soup version 0.28.0-43-g3370ac3207 (console) character file.

Game seed: 17813179880068110510

1410 Zeor the Basher (level 8, -3/48 HPs)
             Began as a Gargoyle Monk on Mar 26, 2022.
             Was a Believer of Zin.
             Slain by a killer bee zombie (4 damage)
             ... on level 6 of the Dungeon.
             The game lasted 00:13:21 (5621 turns).

Zeor the Basher (Gargoyle Monk)                     Turns: 5621, Time: 00:13:22

Health: -3/48      AC: 19    Str: 22    XL:     8   Next: 70%
Magic:  7/9        EV: 11    Int: 12    God:    Zin [**....]
Gold:   157        SH:  0    Dex: 13    Spells: 7/7 levels left

rFire   + . .      SeeInvis +   a - +1 mace
rCold   . . .      Faith    .   (no shield)
rNeg    + + .      Spirit   .   b - +4 scale mail of the Hanged Man {Str+4}
rPois   ∞          Reflect  .   (no helmet)
rElec   +          Harm     .   e - +0 cloak
rCorr   .          Rampage  .   m - +0 pair of gloves
Will    .....                   (no boots)
Stlth   +.........              (no amulet)
HPRegen 0.16/turn               j - ring of see invisible
MPRegen 0.11/turn               k - ring of positive energy

@: vitalised, on berserk cooldown, slowed, very slow
A: sickness immunity, AC +5, negative energy resistance 1, electricity
resistance, torment resistance 1, petrification resistance, fire resistance 1
a: Renounce Religion, Recite, Vitalisation, Donate Gold


You were on level 6 of the Dungeon.
You worshipped Zin.
Zin was pleased with you.
You visited 2 branches of the dungeon, and saw 7 of its levels.

You collected 216 gold pieces.
You spent 42 gold pieces at shops.
You donated 17 gold pieces to Zin.

Inventory:

Hand Weapons
 a - a +1 mace (weapon)
Missiles
 g - 4 javelins (quivered)
 l - 48 arrows
Armour
 b - the +4 scale mail of the Hanged Man (worn) {Str+4}
   (You acquired it on level 1 of the Dungeon)

   Str:       It affects your strength (+4).
 e - a +0 cloak (worn)
 m - a +0 pair of gloves (worn)
 n - the +0 robe of Ikuba {rPois rN+}
   (You found it on level 5 of the Dungeon)

   rPois:     It protects you from poison.
   rN:        It protects you from negative energy.
Jewellery
 j - a ring of see invisible (left hand)
 k - a ring of positive energy (right hand)
Scrolls
 i - a scroll of blinking
 p - a scroll of enchant weapon
 q - a scroll of identify
Potions
 d - 3 potions of curing
 f - 3 potions of flight
 h - a potion of mutation


   Skills:
 + Level 4.7 Fighting
 * Level 9.0 Maces & Flails
 + Level 4.0 Armour
 + Level 3.1 Dodging
 - Level 2.1 Stealth
 * Level 2.2 Invocations


You had 7 spell levels left.
You didn't know any spells.
Your spell library contained the following spells:

 Spells                   Type           Power      Damage    Failure   Level
 Foxfire                  Conj/Fire      0%         2x1d4     63%         1
 Starburst                Conj/Fire      0%         6d3       100%        6


Dungeon Overview and Level Annotations

Branches:
Dungeon (6/15)             Temple (1/1) D:5

Altars:
Qazlal
Uskayaw
Xom
Zin

Shops:
D:3 !

Annotations:
D:2 1 runed translucent door, Crazy Yiuf


Innate Abilities, Weirdness & Mutations

You are immune to sickness and miasma.
Your stone body is resilient. (AC +5)
You are immune to poison.
You resist negative energy. (rN+)
You are resistant to electric shocks. (rElec)
You are resistant to unholy torment.
You are immune to petrification.
Your flesh is heat resistant. (rF+)


Message History

The killer bee zombie is smitten by the wrath of Zin.
The killer bee zombie is severely damaged.
The ogre hits you but does no damage. "...impurity, and thus judgement was rendered."
You finish reciting Ablutions 26:54.
The ogre hits you with a +0 giant club.
* * * LOW HITPOINT WARNING * * *
You feel much better.
The killer bee zombie hits you but does no damage.
You hit the ogre but do no damage.
The ogre is moderately wounded.
The killer bee zombie hits you but does no damage.
The ogre hits you but does no damage.
The killer bee zombie hits you but does no damage.
The killer bee zombie barely misses you.
The ogre hits you with a +0 giant club.
The killer bee zombie completely misses you.
You hit the killer bee zombie.
The killer bee zombie is severely damaged.
The killer bee zombie barely misses you.
The killer bee zombie hits you but does no damage.
The killer bee zombie misses you. The ogre closely misses you.
The killer bee zombie closely misses you.
The killer bee zombie hits you but does no damage.
Zin grants you divine stamina.
The killer bee zombie closely misses you.
The ogre hits you with a +0 giant club!!
* * * LOW HITPOINT WARNING * * *
The killer bee zombie hits you but does no damage.
The ogre hits you with a +0 giant club.
* * * LOW HITPOINT WARNING * * *
You sock the ogre!
The ogre is severely wounded.
You are ready to recite again.
The killer bee zombie barely misses you.
The killer bee zombie hits you. Zin protects you from harm!
The killer bee zombie hits you.
You die...

▒∙∙▒∙∙∙▒ ▒∙∙▒▒∙∙▒
▒▒ ▒∙∙▒ ▒∙∙▒▒ ▒∙∙∙▒
▒▒∙∙▒▒ ∙ ▒▒∙∙)▒▒▒▒▒
▒▒▒∙
▒▒▒OZ∙)∙†)∙▒▒▒▒▒∙∙∙
▒∙9Z▒▒▒▒▒)∙∙∙∙∙∙∙∙∙
▒∙∙∙∙∙∙▒▒▒
▒▒▒▒∙>∙∙∙∙∙ ▒▒▒▒∙∙∙
▒O∙∙∙∙∙∙∙ ▒∙∙∙▒
▒∙∙∙∙∙∙∙∙


∙∙∙∙∙ ▒∙∙∙∙∙∙∙∙ ∙∙∙∙∙∙ ▒∙∙∙∙∙∙∙∙ ∙∙∙∙∙ ∙∙∙∙∙∙∙∙∙∙ ∙∙∙∙∙ ≈≈≈≈≈≈≈∙∙∙ You could see
an ogre, a killer bee zombie and a howler monkey skeleton.

Vanquished Creatures
  A water moccasin (D:6)
  An orc warrior (D:5)
  An ice beast (D:5)
  An ogre (D:4)
  A sky beast (D:5)
  A bullfrog (D:6)
  3 scorpions
  2 bullfrog zombies (D:5)
  A jelly (D:5)
  2 orc priests (D:5)
  4 hounds
  A scorpion zombie (D:5)
  Terence (D:2)
  4 iguanas
  A killer bee zombie (D:5)
  A howler monkey zombie (D:5)
  11 gnolls
  4 adders
  2 ufetubi
  An adder skeleton (D:4)
  A dart slug (D:1)
  16 orcs
  7 bats
  7 endoplasms
  3 giant cockroaches
  6 goblins
  8 hobgoblins
  5 kobolds
  5 quokkas (D:1)
  5 ball pythons
  3 frilled lizards
  6 rats
116 creatures vanquished.

Vanquished Creatures (others)
  19 plants (D:1)
19 creatures vanquished.

Grand Total: 135 creatures vanquished

Notes
Turn   | Place    | Note
-------+----------+-------------------------------------------
     0 | D:1      | Zeor the Gargoyle Monk began the quest for the Orb.
     0 | D:1      | Reached XP level 1. HP: 14/14 MP: 1/1
   372 | D:1      | Reached XP level 2. HP: 19/19 MP: 2/2
   429 | D:1      | Identified a scroll of acquirement
   429 | D:1      | Acquired the +4 scale mail of the Hanged Man {Str+4}
   712 | D:1      | Found a faded altar of an unknown god.
   715 | D:1      | Reached XP level 3. HP: 24/24 MP: 3/3
   803 | D:1      | Reached skill level 4 in Maces & Flails
  1310 | D:2      | Noticed Terence
  1324 | D:2      | Killed Terence
  1325 | D:2      | Reached XP level 4. HP: 29/29 MP: 4/4
  1643 | D:2      | Found a runed translucent door.
  1644 | D:2      | Noticed Crazy Yiuf
  1921 | D:3      | Found a shimmering altar of Xom.
  1922 | D:3      | Found a shimmering altar of Xom.
  1923 | D:3      | Found a shimmering altar of Xom.
  1960 | D:3      | Found Zaddint's Distillery.
  1964 | D:3      | Bought a potion of curing for 42 gold pieces
  2571 | D:4      | Got Sif Muna's Tome of the Arsonist
  2679 | D:4      | Reached skill level 5 in Maces & Flails
  2679 | D:4      | Reached skill level 1 in Armour
  2679 | D:4      | Reached XP level 5. HP: 19/33 MP: 5/5
  2683 | D:4      | Gained mutation: Your flesh is heat resistant. (rF+)
                  | [potion of mutation]
  3005 | D:4      | Reached XP level 6. HP: 34/38 MP: 6/6
  3107 | D:4      | Reached skill level 6 in Maces & Flails
  3925 | D:5      | Entered Level 5 of the Dungeon
  3991 | D:5      | Reached XP level 7. HP: 37/43 MP: 7/7
  3997 | D:5      | Reached skill level 7 in Maces & Flails
  4687 | D:5      | Found a staircase to the Ecumenical Temple.
  4709 | Temple   | Entered the Ecumenical Temple
  4722 | Temple   | Became a worshipper of Zin the Law-Giver
  4722 | Temple   | Reached * piety under Zin
  4722 | Temple   | Reached ** piety under Zin
  4746 | D:5      | Identified the +0 robe of Ikuba {rPois rN+}
  4813 | D:5      | Reached skill level 8 in Maces & Flails
  4930 | D:5      | Reached XP level 8. HP: 48/48 MP: 8/8
  4985 | D:5      | Reached skill level 1 in Invocations
  5596 | D:6      | Reached skill level 9 in Maces & Flails
  5620 | D:6      | HP: 1/48 [ogre/+0 giant club (4)]
  5621 | D:6      | Zin protects you from harm!
  5621 | D:6      | Slain by a killer bee zombie

Illustrated notes

Levels and vault maps discovered:
D:1:      matt_arrival_diagonals, layout_basic,
          shapermc_ecumenical_altar_mp_highgroup, serial_bayou_lagoon_a
D:2:      layout_rooms, uniq_crazy_yiuf_cottage, uniq_terence
D:3:      layout_loops_corners, xom_redecorated, serial_shops, shop,
          kennysheep_generic_room_14
D:4:      layout_gridville, ebering_dispersal_statue_hall, cheibrodos_gnoll_hut
D:5:      layout_loops_cross, minmay_temple_entry_waves,
          nicolae_elevator_lobby_asterisk
D:6:      layout_cave_pods, mainiacjoe_overflow_brackets
Temple:   minmay_crystal_spiral_temple

Skill      XL: |  1  2  3  4  5  6  7  8 |
---------------+-------------------------+-----
Maces & Flails | 4 5 6 8 9 |  9.0
Armour         | 1 2 3 4 |  4.0
Fighting       | 4 |  4.7
Invocations    | 2 |  2.2
Dodging        | 3 |  3.1
Stealth        | |  2.1

Action                   |  1- 3 |  4- 6 |  7- 9 || total
-------------------------+-------+-------+-------++-------
Melee: Mace              |   122 |   148 |   219 ||   489
       Punch             |     1 |     1 |     3 ||     5
Invok: Recite            |       |       |     5 ||     5
       Vitalisation      |       |       |     1 ||     1
  Use: Scroll            |     4 |     3 |     2 ||     9
       Potion            |       |     4 |     2 ||     6
 Stab: Sleeping          |     1 |       |       ||     1
Armor: Ring mail         |    14 |       |       ||    14
       Scale mail        |    50 |    90 |   144 ||   284
Dodge: Dodged            |    71 |    83 |   130 ||   284
